 Dungeon Crawl Stone Soup version 0.30-a0-715-gdb4ae3e (webtiles) character file.

Game seed: 8994747578420628726

1634 Illumine the Summoner (level 8, 0/29 (31) HPs)
             Began as a Felid Summoner on Jan 23, 2023.
             Was an Initiate of Gozag.
             Slain by a wight
             ... wielding a +3 short sword
              (3 damage)
             ... on level 6 of the Dungeon.
             The game lasted 00:21:21 (6971 turns).

Illumine the Summoner (Felid Summoner)              Turns: 6971, Time: 00:21:21

HP:   0/29 (31)     AC:  2    Str:  4    XL:     8   Next: 66%
MP:   12/19         EV: 18    Int: 18    God:    Gozag
Gold: 546           SH:  0    Dex: 17    Spells: 6/20 levels left
                                        Lives: 0   Deaths: 2

rFire   . . .      SeeInvis +    (weapon unavailable)
rCold   . . .      Faith    .    (shield unavailable)
rNeg    . . .      Spirit   .    (body armour unavailable)
rPois   .          Reflect  .    (helmet unavailable)
rElec   .          Harm     .    (cloak unavailable)
rCorr   .          Rampage  .    (gloves unavailable)
Will    +....                    (boots unavailable)
Stlth   ++                       t - amulet of regeneration
HPRegen 1.04/turn                (no ring)
MPRegen 0.16/turn                (no ring)

@: drained, quick
A: very small, claws 1, fangs 3, see invisible, speed 1, shaggy fur 2, stealthy
paws, no weapons or thrown items, no armour, multi-lived
a: Renounce Religion, Potion Petition, Call Merchant, Bribe Branch


You were on level 6 of the Dungeon.
You worshipped Gozag.
Gozag was pleased with you.
You visited 1 branch of the dungeon, and saw 7 of its levels.
You also visited: Sewer.

You collected 602 gold pieces.
You paid 56 gold pieces to Gozag.

Inventory:

Jewellery
 t - an amulet of regeneration (around neck)
Wands
 k - a wand of charming (2)
 o - a wand of flame (9)
Scrolls
 d - 2 scrolls of magic mapping
 g - a scroll of fear {unknown}
 i - a scroll of fog {unknown}
 j - a scroll of enchant armour {unknown}
 m - 3 scrolls of teleportation
 n - a scroll of brand weapon {unknown}
 r - a scroll of blinking {unknown}
 s - a scroll of vulnerability {unknown}
Potions
 a - 2 potions of magic
 b - a potion of mutation {unknown}
 c - a potion of invisibility {unknown}
 e - a potion of resistance {unknown}
 f - 2 potions of attraction
 h - 5 potions of curing
 l - 2 potions of degeneration {unknown}
 p - 2 potions of heal wounds
 q - 3 potions of flight


   Skills:
 - Level 3.0 Dodging
 - Level 2.6 Stealth
 + Level 6.7 Spellcasting
 - Level 4.3 Hexes
 + Level 8.2 Summonings
 - Level 2.0 Translocations
 - Level 5.0 Air Magic


You had 6 spell levels left.
You knew the following spells:

 Your Spells              Type           Power      Damage    Failure   Level
a - Summon Small Mammal   Summ           100%       N/A       1%          1
b - Call Imp              Summ           35%        N/A       1%          2
c - Apportation           Tloc           26%        N/A       4%          1
d - Call Canine Familiar  Summ           35%        N/A       1%          3
e - Summon Guardian Gole  Hex/Summ       28%        N/A       2%          3
f - Summon Lightning Spi  Summ/Air       29%        N/A       8%          4

Your spell library contained the following spells:

 Spells                   Type           Power      Damage    Failure   Level
 Slow                     Hex            84%        N/A       1%          1
 Confusing Touch          Hex            21%        N/A       5%          3
 Lesser Beckoning         Tloc           26%        N/A       8%          2
 Necrotise                Necr           24%        1d5       11%         1
 Gell's Gravitas          Tloc           13%        N/A       14%         3
 Teleport Other           Tloc           13%        N/A       14%         3
 Ozocubu's Armour         Ice            6%         N/A       32%         3
 Vampiric Draining        Necr           6%         2d6       32%         3
 Dispersal                Tloc           6%         N/A       100%        6
 Ozocubu's Refrigeration  Ice            3%         4d8       100%        7


Dungeon Overview and Level Annotations

Branches:
Dungeon (7/15)              Sewer (visited)
 Temple: D:4-7

Altars:
Cheibriados
Gozag
Makhleb
Okawaru
Qazlal
Ru
Trog
Uskayaw
Vehumet
Yredelemnul

Shops:
D:3 (

Annotations:
D:6 1 transporter, experimato's ghost, novice OgMo


Innate Abilities, Weirdness & Mutations

You have sharp claws.
You have razor-sharp teeth.
You have supernaturally acute eyesight. (SInv)
You cover ground quickly. (Speed+)
You are covered in thick fur. (AC +2)
Your paws help you pounce on unaware monsters.
You are incapable of wielding weapons or throwing items.
You cannot wear armour.
You gain extra lives every three experience levels.


Message History

A guardian golem appears, shielding your allies.
Your hound bites the wight.
The wight misses you.
The wight hits you with a +3 short sword!
Your hound closely misses the wight.
Your crimson imp barely misses the wight.
Okay, then.
The wight misses you. The wight barely misses you.
Your hound bites the wight.
Your crimson imp closely misses the wight.
You scratch the wight but do no damage. You bite the wight.
The wight is lightly damaged.
Your hound bites the wight but does no damage.
The wight closely misses you. The wight barely misses you.
Your crimson imp hits the wight but does no damage.
Your hound barely misses the wight.
You closely miss the wight.
The wight is lightly damaged.
The wight closely misses you. The wight misses you.
Your hound barely misses the wight.
Your crimson imp blinks!
You scratch the wight but do no damage. You bite the wight, but do no damage.
The wight is lightly damaged.
Your hound closely misses the wight.
The wight misses you. The wight closely misses you.
Your hound barely misses the wight.
You barely miss the wight.
The wight is moderately damaged.
The wight hits you with a +0 scimitar. The wight completely misses you.
Your hound barely misses the wight.
You scratch the wight.
The wight is heavily damaged.
Your hound bites the wight but does no damage.
The wight completely misses you. The wight barely misses you.
Your hound bites the wight.
You barely miss the wight. Your bite misses the wight.
The wight is heavily damaged.
The wight hits you with a +0 scimitar!
The wight hits you with a +3 short sword!
* * * LOW HITPOINT WARNING * * *
You feel drained.
You die...
Your body crumbles into a pile of gold.

.# #.# #.#....# .#
#.# #.#....#
######.# #.######
.......########5#
#####...........#
##..........##
#..........h#
#.#########z# #.#
#@# #.# #z# #.# #9#
#.# #.### #### #.#
#...# ...# #.# #...#
.?.# #.# #...#
...###.#########...#
..[................#


You could see 2 wights, a friendly guardian golem (summoned), a friendly hound
(summoned, sheltered) and a friendly crimson imp (summoned, sheltered).

Vanquished Creatures
  A phantom (D:4)
  An orc wizard (D:5)
  A gnoll (D:2)
  2 dart slugs
  An orc (D:5)
  3 bats (D:2)
  An endoplasm (D:3)
  A giant cockroach (D:3)
  A goblin (D:2)
  2 hobgoblins
  A jackal (D:2)
  A frilled lizard (D:3)
  A rat (D:2)
17 creatures vanquished.

Vanquished Creatures (collateral kills)
  Sigmund (D:2)
  A water moccasin (D:6)
  2 ice beasts
  An ogre (D:5)
  A phantom (D:3)
  A bullfrog (D:6)
  2 kobold brigands (Sewer)
  A scorpion (D:6)
  A wight (D:6)
  A killer bee (D:5)
  A howler monkey (D:6)
  A jelly (D:5)
  3 iguanas
  Ijyb (D:3)
  3 orc wizards
  Robin (D:3)
  5 gnolls
  A river rat (Sewer)
  3 adders
  2 shadow imps
  An ufetubus (D:5)
  2 worms
  A dart slug (D:3)
  10 orcs
  2 endoplasms
  3 giant cockroaches
  8 goblins
  8 hobgoblins
  5 jackals
  13 kobolds
  2 quokkas (D:3)
  10 ball pythons
  A bat (D:2)
  2 frilled lizards
  9 rats
110 creatures vanquished.

Vanquished Creatures (others)
  A water moccasin (D:6)
  A black bear (D:5)
  An orc warrior (D:6)
  An ogre (D:4)
  A gnoll sergeant (D:5)
  2 necrophages (D:5)
  2 iguanas
  Terence (D:3)
  An adder (D:3)
  3 gnolls (D:5)
  A fungus (D:1)
15 creatures vanquished.

Grand Total: 142 creatures vanquished

Notes
Turn   | Place    | Note
-------+----------+-------------------------------------------
     0 | D:1      | Illumine the Felid Summoner began the quest for the Orb.
     0 | D:1      | Reached XP level 1. HP: 7/7 MP: 4/4
   184 | D:1      | Reached XP level 2. HP: 11/11 MP: 3/6
   280 | D:1      | Learned a level 2 spell: Call Imp
   568 | D:2      | Learned a level 1 spell: Apportation
   613 | D:2      | Reached XP level 3. HP: 13/14 MP: 2/7
   942 | D:2      | Reached XP level 4. HP: 16/18 MP: 7/9
   959 | D:2      | Learned a level 3 spell: Call Canine Familiar
  1185 | D:2      | Noticed Sigmund
  1198 | D:3      | Noticed Robin
  1364 | D:3      | Noticed Terence
  1376 | D:3      | Noticed a phantom
  1536 | D:2      | Killed Sigmund
  1537 | D:2      | Reached skill level 5 in Summonings
  1537 | D:2      | Reached XP level 5. HP: 17/21 MP: 0/12
  1756 | D:3      | Identified the +1 buckler of Vovau {Stlth+}
  1862 | D:3      | Found a bloodstained altar of Trog.
  1875 | D:3      | Learned a level 3 spell: Summon Guardian Golem
  1887 | D:3      | Noticed Ijyb
  1902 | D:3      | Killed Ijyb
  1903 | D:3      | Gained mutation: You are covered in thick fur. (AC +2)
                  | [Felid growth]
  1903 | D:3      | Reached XP level 6. HP: 17/24 MP: 10/13
  2202 | D:3      | Slain by a phantom
  2203 | D:3      | Reached XP level 5. HP: 0/21 MP: 12/12
  2222 | D:3      | Killed a phantom
  2223 | D:3      | Reached skill level 1 in Hexes
  2223 | D:3      | Reached skill level 6 in Summonings
  2294 | D:3      | Killed Terence
  2471 | D:3      | Found Aphoulut's Weapon Emporium.
  2510 | D:3      | Reached XP level 6. HP: 24/24 MP: 13/13
  2519 | D:3      | Killed Robin
  2826 | D:3      | Found an opulent altar of Gozag.
  3077 | D:4      | Learned a level 4 spell: Summon Lightning Spire
  3080 | D:4      | Found a glowing drain.
  3107 | D:4      | Reached skill level 1 in Translocations
  3156 | Sewer    | Entered a sewer
  3300 | Sewer    | Reached XP level 7. HP: 27/27 MP: 7/15
  3379 | Sewer    | Found a white marble altar of Elyvilon.
  3508 | D:4      | Reached skill level 5 in Spellcasting
  3968 | D:4      | Found an iron altar of Okawaru.
  4002 | D:3      | Became a worshipper of Gozag Ym Sagoz the Greedy
  4102 | D:4      | Found a basalt altar of Yredelemnul.
  4116 | D:4      | Found a burning altar of Makhleb.
  4130 | D:4      | Found a radiant altar of Vehumet.
  4352 | D:5      | Entered Level 5 of the Dungeon
  4487 | D:5      | Reached skill level 1 in Air Magic
  4535 | D:5      | Reached skill level 7 in Summonings
  4810 | D:5      | Identified the +1 short sword of the Transparent God
                  | {heavy, rC+ rN+ Str-2 Dex+3}
  4838 | D:5      | Killed from afar by a shadow imp
  4839 | D:5      | Reached XP level 6. HP: -2/24 MP: 1/15
  4951 | D:5      | Reached XP level 7. HP: 27/27 MP: 10/16
  6058 | D:6      | Reached XP level 8. HP: 31/31 MP: 10/18
  6121 | D:6      | Reached skill level 8 in Summonings
  6288 | D:6      | Found a snail-covered altar of Cheibriados.
  6343 | D:6      | Found a transporter.
  6343 | D:6      | Noticed experimato's ghost (novice OgMo)
  6413 | D:6      | Identified the +0 great mace of Freehold {freeze, rN+}
  6413 | D:6      | Noticed a two-headed ogre
  6693 | D:6      | Reached skill level 5 in Air Magic
  6717 | D:6      | Found a stormy altar of Qazlal.
  6717 | D:6      | Found a sacrificial altar of Ru.
  6835 | D:7      | Noticed a +0 dagger
  6835 | D:7      | Noticed a +0 hand axe
  6835 | D:7      | Found a hide-covered altar of Uskayaw.
  6971 | D:6      | Slain by a wight

Illustrated notes

Levels and vault maps discovered:
D:1:      tarquinn_simple_flora_water_d, layout_basic, st_stairs_5,
          minivault_25, minmay_shallow_snake_nest
D:2:      minmay_inner_zag, layout_basic, hangedman_decor_riveting,
          patterned_corridor, uniq_sigmund
D:3:      layout_loops_corners, trog_three_pillars_becter,
          nicolae_overflow_hidden_temple, serial_shops, shop, uniq_robin,
          uniq_ijyb, uniq_terence
D:4:      layout_loops_ring, grunt_temple_overflow_cloverleaf,
          gup_sewer_entry_bowl
D:5:      cheibrodos_barr_body, layout_cave_pods, kennysheep_generic_room_9
D:6:      layout_rooms, cheibriados_altar_1, jmf_multi_god_temple,
          gammafunk_ghost_smash, kennysheep_generic_room_4
D:7:      layout_rooms, dancing_weapons_uskayaw, ashenzari_altar_1,
          mainiacjoe_overflow_brackets, minmay_temple_entry_butterflies,
          uniq_menkaure

Skill      XL: |  1  2  3  4  5  6  7  8 |
---------------+-------------------------+-----
Dodging        | 3 |  3.0
Spellcasting   | 3 4 6 |  6.7
Summonings     | 5 6 7 8 |  8.2
Hexes          | 2 3 4 |  4.3
Translocations | 2 |  2.0
Air Magic      | 2 3 5 |  5.0
Stealth        | |  2.6

Action                     |  1- 3 |  4- 6 |  7- 9 || total
---------------------------+-------+-------+-------++-------
  Melee: Unarmed           |    36 |    52 |    31 ||   119
         Bite              |     3 |    10 |     5 ||    18
         Punch             |       |     1 |       ||     1
   Cast: Summon Small Mamm |    35 |     9 |    12 ||    56
         Call Imp          |    13 |    13 |    16 ||    42
         Call Canine Famil |       |    18 |    32 ||    50
         Summon Guardian G |       |     4 |    20 ||    24
  Evoke: Wand              |       |       |     1 ||     1
    Use: Scroll            |       |       |     7 ||     7
   Stab: Distracted        |       |     2 |     1 ||     3
 Armour: Skin              |     2 |     2 |     6 ||    10
  Dodge: Dodged            |    37 |    72 |    61 ||   170

Table legend: (Time is in decaauts)
 A = Elapsed time spent in this place.
 B = Non-inter-level travel time spent in this place.
 C = Inter-level travel time spent in this place.
 D = Time resting spent in this place.
 E = Time spent auto-exploring this place.
 F = Levels seen in this place.
 G = Mean time per level.
                   A        B        C        D        E       F      G
               +--------+--------+--------+--------+--------+-----+--------+
         Total |   6240 |   6021 |    219 |   1141 |   3129 |   8 |  780.0 |
       Dungeon |   5968 |   5749 |    219 |   1071 |   3019 |   7 |  852.6 |
         Sewer |    272 |    272 |      0 |     70 |    110 |   1 |  272.0 |
               +--------+--------+--------+--------+--------+-----+--------+

Top non-repeatable levels by time:
     D:5: 1383 daAuts
     D:3: 1225 daAuts
     D:2: 1102 daAuts
     D:6: 951 daAuts
     D:4: 926 daAuts
     D:1: 370 daAuts
   Sewer: 272 daAuts
     D:7: 8 daAuts
